 Dungeon Crawl Stone Soup version 0.27-a0-1193-g8631133539 (webtiles) character file.

Game seed: 16550984547125662017

102 Sweetruy1997 the Chopper (level 4, -5/40 HPs)
             Began as a Hill Orc Monk on May 26, 2021.
             Slain by a wyvern (8 damage)
             ... on level 4 of the Dungeon.
             The game lasted 00:07:08 (4146 turns).

Sweetruy1997 the Chopper (Hill Orc Monk)            Turns: 4146, Time: 00:07:08

Health: -5/40      AC:  6    Str: 11 (14) XL:     4   Next: 77%
Magic:  4/4        EV: 11    Int:  8 (10) God:
Gold:   32         SH:  0    Dex: 12 (13) Spells: 3/3 levels left

rFire    . . .     SeeInvis .   a - +0 hand axe
rCold    + . .     Faith    .   (no shield)
rNeg     . . .     Spirit   .   m - +0 ring mail
rPois    .         Reflect  .   (no helmet)
rElec    .         Harm     .   (no cloak)
rCorr    .         Rampage  .   k - +0 pair of gloves
Will     .....                  (no boots)
Stlth    +.........             (no amulet)
HPRegen  0.13/turn              g - ring of protection from cold
MPRegen  0.09/turn              (no ring)

@: attractive, hasted, very quick
A: no striking features
a: no special abilities


You were on level 4 of the Dungeon.
You visited 1 branch of the dungeon, and saw 4 of its levels.

You collected 122 gold pieces.
You spent 90 gold pieces at shops.

Inventory:

Hand Weapons
 a - a +0 hand axe (weapon)
Armour
 k - a +0 pair of gloves (worn)
 m - a +0 ring mail (worn)
Jewellery
 g - a ring of protection from cold (left hand)
Scrolls
 c - 2 scrolls of noise {unknown}
 e - a scroll of vulnerability {unknown}
 f - a scroll of enchant armour {unknown}
 h - a scroll of enchant weapon {unknown}
 j - a scroll of identify {unknown}
 l - a scroll of teleportation {unknown}


   Skills:
 - Level 4.0 Fighting
 + Level 5.7 Axes
 + Level 0.9 Armour
 + Level 2.9 Dodging
 - Level 2.0 Stealth
 - Level 0.1 Spellcasting


You had 3 spell levels left.
You didn't know any spells.
Your spell library contained the following spells:

 Spells                   Type           Power      Damage    Failure   Level
 Corona                   Hex            0%         N/A       71%         1
 Ensorcelled Hibernation  Hex/Ice        0%         N/A       85%         2
 Confusing Touch          Hex            0%         N/A       97%         3
 Dazzling Flash           Conj/Hex       0%         N/A       97%         3
 Tukima's Dance           Hex            0%         N/A       97%         3


Dungeon Overview and Level Annotations

Branches:
Dungeon (4/15)
 Temple: D:4-7

Altars:
Fedhas
Zin


Message History

The iguana bites you.
The ball python hisses angrily.
You hit the iguana but do no damage.
The iguana bites you but does no damage.
The wyvern bites you but does no damage.
The wyvern closely misses you. The wyvern closely misses you.
You hit the wyvern but do no damage. The wyvern misses you.
You hit the wyvern but do no damage. The wyvern closely misses you.
The wyvern bites you but does no damage.
Your ring mail prevents you from hitting the wyvern.
The wyvern closely misses you.
You hit the wyvern.
The wyvern is lightly wounded.
The wyvern barely misses you. The wyvern bites you.
You hit the wyvern.
The wyvern is moderately wounded.
The wyvern bites you. The wyvern completely misses you.
The wyvern bites you but does no damage.
Your ring mail prevents you from hitting the wyvern.
The wyvern is lightly wounded.
The wyvern barely misses you. The wyvern bites you!
You closely miss the wyvern.
The wyvern is lightly wounded.
The wyvern bites you!
* * * LOW HITPOINT WARNING * * *
The wyvern closely misses you.
You feel better. The wyvern bites you!
* * * LOW HITPOINT WARNING * * *
It was a potion of attraction.
You feel attractive to monsters.
The wyvern hisses menacingly.
The wyvern closely misses you. The wyvern completely misses you.
It was a potion of degeneration.
There was something very wrong with that liquid.
You feel weakened.
You feel dopey.
You feel clumsy. The wyvern misses you.
It was a potion of haste.
You feel yourself speed up. The wyvern bites you!
You die...

#####
########.#.#
.........#.####
########<.....#
#.#.##@#
#....#l#
#.#..gl# #
####.#..###....
...............
...............
...............
...............
#+#..........##


You could see a wyvern, an iguana and a goblin.

Vanquished Creatures
  3 adders
  3 worms (D:3)
  2 dart slugs
  An endoplasm (D:2)
  2 giant cockroaches
  3 goblins
  10 hobgoblins
  9 jackals
  2 quokkas (D:1)
  5 ball pythons
  3 bats
  4 frilled lizards
  7 kobolds
  6 rats
60 creatures vanquished.

Notes
Turn   | Place    | Note
-------+----------+-------------------------------------------
     0 | D:1      | Sweetruy1997 the Hill Orc Monk began the quest for the Orb.
     0 | D:1      | Reached XP level 1. HP: 19/19 MP: 1/1
   244 | D:1      | Reached XP level 2. HP: 26/27 MP: 2/2
   248 | D:1      | Learned a level 1 spell: Corona
  1034 | D:1      | Reached XP level 3. HP: 24/33 MP: 3/3
  1882 | D:2      | Reached skill level 5 in Axes
  2255 | D:2      | Reached XP level 4. HP: 40/40 MP: 4/4
  2359 | D:2      | Found a faded altar of an unknown god.
  3195 | D:3      | Found a blossoming altar of Fedhas.
  3628 | D:3      | Found Zin's Purification Station.
  3629 | D:3      | Found a glowing silver altar of Zin.
  3636 | D:3      | Bought a potion of curing for 90 gold pieces
  4126 | D:4      | Noticed a wyvern
  4143 | D:4      | HP: 2/40 [wyvern (14)]
  4146 | D:4      | Slain by a wyvern

Illustrated notes

Levels and vault maps discovered:
D:1:      elethiomel_arrival_maze, layout_loops_ring, minmay_pentomino_p2
D:2:      layout_basic, ebering_ecumenical_altar_box
D:3:      layout_basic, fedhas_altar_4, zin_purify
D:4:      wad_lake_hut, layout_basic, nicolae_overflow_crystal_walls,
          gammafunk_ghost_cemetery

Skill      XL: |  1  2  3 |
---------------+----------+-----
Fighting       | 4 |  4.0
Axes           | 5 |  5.7
Stealth        | 2 |  2.0
Armour         | |  0.9
Dodging        | |  2.9
Spellcasting   | |  0.1

Action                   |  1- 3 |  4- 6 || total
-------------------------+-------+-------++-------
Melee: Hand axe          |   143 |    69 ||   212
 Cast: Corona            |     6 |       ||     6
  Use: Scroll            |     1 |       ||     1
       Potion            |       |     4 ||     4
 Stab: Sleeping          |     1 |     1 ||     2
Armor: Robe              |    25 |       ||    25
       Ring mail         |     7 |    26 ||    33
Dodge: Dodged            |   101 |    64 ||   165

Table legend: (Time is in decaauts)
 A = Elapsed time spent in this place.
 B = Non-inter-level travel time spent in this place.
 C = Inter-level travel time spent in this place.
 D = Time resting spent in this place.
 E = Time spent auto-exploring this place.
 F = Levels seen in this place.
 G = Mean time per level.
                   A        B        C        D        E       F      G
               +--------+--------+--------+--------+--------+-----+--------+
         Total |   4157 |   4092 |     65 |    869 |   2715 |   4 | 1039.2 |
       Dungeon |   4157 |   4092 |     65 |    869 |   2715 |   4 | 1039.2 |
               +--------+--------+--------+--------+--------+-----+--------+

Top non-repeatable levels by time:
     D:1: 1563 daAuts
     D:3: 1316 daAuts
     D:2: 1246 daAuts
     D:4: 32 daAuts
